 Dungeon Crawl Stone Soup version 0.18-a0-1577-gf591c28 (webtiles) character file.

2 Ratboiler the Sneak (level 1, 10/10 HPs)
             Began as a Spriggan Assassin on Mar 19, 2016.
             Was a Follower of Qazlal.
             Quit the game on level 3 of the Dungeon.
             The game lasted 00:01:24 (452 turns).

Ratboiler the Sneak (Spriggan Assassin)              Turns: 452, Time: 00:01:24

Health: 10/10      AC:  3    Str:  7    XL:     1   Next: 33%
Magic:  2/2        EV: 17    Int: 12    God:    Qazlal [*.....]
Gold:   15         SH:  1    Dex: 17    Spells: 0 memorised, 0 levels left

rFire  . . .     SeeInvis +     a - +2 dagger
rCold  . . .     Gourm    .     c - +0 robe
rNeg   . . .     Faith    .     (shield restricted)
rPois  .         Spirit   .     (helmet restricted)
rElec  .         Dismiss  .     d - +0 cloak
rCorr  .         Reflect  .     (gloves unavailable)
SustAt .         Harm     .     (boots unavailable)
MR     .....                    (no amulet)
Stlth  ++++......               (no ring)
                                (no ring)

@: very quick, not resistant to hostile enchantments, stealthy
A: unfitting armour, see invisible, herbivore 3, speed 3, slow metabolism 2
a: Renounce Religion


You were on level 3 of the Dungeon.
You worshipped Qazlal.
Qazlal was aware of your devotion.
You were not hungry.

You visited 1 branch of the dungeon, and saw 3 of its levels.

You collected 15 gold pieces.

Inventory:

Hand Weapons
 a - a +2 dagger (weapon)
 b - a +0 blowgun
Missiles
 e - 8 poisoned needles
 f - 2 curare-tipped needles
Armour
 c - a +0 robe (worn)
 d - a +0 cloak (worn)
Scrolls
 h - a scroll of noise {unknown}
 i - a scroll of random uselessness {unknown}
 j - a scroll of enchant armour {unknown}
 k - a scroll of magic mapping {unknown}
Potions
 l - a potion of degeneration {unknown}
Comestibles
 g - a bread ration


   Skills:
 - Level 1.5 Fighting
 - Level 2.1 Short Blades
 - Level 2.0 Throwing
 - Level 1.5 Dodging
 + Level 6.1 Stealth


You couldn't memorise any spells.
You didn't know any spells.

Dungeon Overview and Level Annotations

Branches:
Dungeon (3/15)

Altars:
Makhleb
Nemelex Xobeh
Okawaru
Qazlal


Innate Abilities, Weirdness & Mutations

You are tiny and cannot use many weapons and most armour.
You have supernaturally acute eyesight.
You are a herbivore.
You cover ground extremely quickly.
You need consume almost no food.


Message History

a short sword; 4 stones You start resting.
HP restored.
There is a stone staircase leading up here.
There is a stone staircase leading up here.
Things that are here:
a short sword; 4 stones You see here 18 stones.
A quokka and a worm come into view.
Found 22 stones and a scroll labeled LIAFOU DUWE.
Found a faded altar to an unknown god.
There is a faded altar to an unknown god here.
This altar will convert you to a god.
You cannot discern which.
Do you pray?
Okay, then.
This altar will convert you to a god.
You cannot discern which.
Do you pray? Qazlal accepts your prayer! Qazlal welcomes you!
Qazlal grants you immunity to your own clouds.
You are surrounded by a storm.
Are you sure you want to abandon this character and quit the game? (Confirm with "yes".)

...?..(#(...#####.#
....r...###.# #..#
#.#####.# #.# ####
##r# #.# ###..###.#
#........#
#...8....#
#..8.8...#
#.8.@.8..#
#..8.8......
#...8....#.#
..........#.#
########.#.# .#.#
.# # ##


You could see a quokka.

Vanquished Creatures
  A goblin (D:2)
  A bat (D:2)
  A kobold (D:3)
3 creatures vanquished.

Notes
Turn   | Place    | Note
--------------------------------------------------------------
     0 | D:1      | Ratboiler the Spriggan Assassin began the quest for the Orb.
     0 | D:1      | Reached XP level 1. HP: 10/10 MP: 2/2
   152 | D:2      | Found an iron altar of Okawaru.
   208 | D:2      | Found a sparkling altar of Nemelex Xobeh.
   234 | D:2      | Found a burning altar of Makhleb.
   241 | D:2      | Reached skill level 6 in Stealth
   444 | D:3      | Found a faded altar to an unknown god.
   452 | D:3      | Became a worshipper of Qazlal Stormbringer
   452 | D:3      | Reached * piety under Qazlal
   452 | D:3      | Quit the game

Vault maps used:
D:1:      lemuel_arrival_broad_hall, serial_park_tiny_pond
D:2:      nicolae_ru_great_annihilating_truth, lemuel_coloured_pillars_altar,
          nemelex_altar_shiori, overflow_temple_1_default
D:3:      old_standard_altar, ecumenical_altar_2, first_bread, amethyst_killhole

Skill      XL: |  1 |
---------------+----+-----
Stealth        | 6 |  6.1
Fighting       | |  1.5
Short Blades   | |  2.1
Throwing       | |  2.0
Dodging        | |  1.5

Action                   || total
-------------------------++-------
Melee: Dagger            ||    15
